[ AOE2 MATCH · #505332298 ]
UnrankedPersians vs Turks
[ REPLAY ANALYSIS · EXTRACTED FROM THE RECORDED GAME ]
Feudal
10:57
Castle
14:18
Imperial
36:45
| APM avg | 33.2 |
| APM peak | 69 |
| eAPM avg | 16.0 |
| Villagers / military | 211 / 311 |
Focus
⚔️ 33.2% · 🌾 66.8%
Knight ×304 · Trebuchet (Packed) ×6 · Monk ×1
Feudal
10:18
Castle
14:02
Imperial
—
| APM avg | 16.7 |
| APM peak | 37 |
| eAPM avg | 13.0 |
| Villagers / military | 152 / 82 |
Focus
⚔️ 22.9% · 🌾 77.1%
Scorpion ×61 · Battering Ram ×10 · Knight ×6 · Monk ×2 · Ballista Elephant ×2 · Scout Cavalry ×1
Feudal
9:29
Castle
20:35
Imperial
38:11
| APM avg | 34.1 |
| APM peak | 100 |
| eAPM avg | 18.3 |
| Villagers / military | 146 / 228 |
Focus
⚔️ 38.4% · 🌾 61.6%
Camel Scout ×116 · Scout Cavalry ×54 · Hand Cannoneer ×50 · Militia ×4 · Monk ×2 · Spearman ×1
Feudal
9:24
Castle
22:27
Imperial
38:10
| APM avg | 44.9 |
| APM peak | 79 |
| eAPM avg | 32.0 |
| Villagers / military | 211 / 418 |
Focus
⚔️ 38.1% · 🌾 61.9%
Spearman ×395 · Militia ×15 · Trebuchet (Packed) ×7 · Monk ×1
Feudal
10:42
Castle
18:28
Imperial
49:40
| APM avg | 28.0 |
| APM peak | 53 |
| eAPM avg | 15.1 |
| Villagers / military | 155 / 6 |
Focus
⚔️ 20.2% · 🌾 79.8%
Unknown (1944) ×104 · Unknown (1968) ×55 · Spearman ×3 · Battering Ram ×3
Feudal
10:12
Castle
29:25
Imperial
52:58
| APM avg | 26.4 |
| APM peak | 76 |
| eAPM avg | 12.2 |
| Villagers / military | 180 / 247 |
Focus
⚔️ 27.2% · 🌾 72.8%
Spearman ×195 · Knight ×46 · Scout Cavalry ×6
Match map
Initial resources + every placement click. Lines = walls · curves = elevation contours. ◆ gold · ⬟ stone · ● berries · ✦ relic · ◌ wall gap
Your base· ✓ Map-separated
CTM | Franco*'s base· ✓ Map-separated
joptus's base· ✓ Map-separated
PSX | King's base· ✓ Map-separated
Senex's base· ✓ Map-separated
Pahkluude purustaja's base· ✓ Map-separated
Smoothed initial terrain · ◌ = detected wall gap · hover for details
Inputs per minute
— Cristian Monzon - - CTM | Franco*
Build order — Cristian Monzon
First 150 of 432 actions detected
| 0:05 | Queue | Villager (Male) |
| 0:05 | Queue | Villager (Male) |
| 0:05 | Queue | Villager (Male) |
| 0:05 | Queue | Villager (Male) |
| 0:07 | Build | House |
| 0:08 | Build | House |
| 0:19 | Queue | Villager (Male) |
| 0:19 | Queue | Villager (Male) |
| 1:21 | Queue | Villager (Male) |
| 1:22 | Queue | Villager (Male) |
| 1:22 | Queue | Villager (Male) |
| 1:46 | Build | Lumber Camp |
| 2:20 | Queue | Villager (Male) |
| 2:20 | Queue | Villager (Male) |
| 2:20 | Queue | Villager (Male) |
| 2:21 | Queue | Villager (Male) |
| 3:00 | Build | House |
| 3:15 | Queue | Villager (Male) |
| 3:15 | Queue | Villager (Male) |
| 3:15 | Queue | Villager (Male) |
| 3:41 | Queue | Villager (Male) |
| 3:41 | Queue | Villager (Male) |
| 3:41 | Queue | Villager (Male) |
| 4:13 | Queue | Villager (Male) |
| 4:13 | Queue | Villager (Male) |
| 4:13 | Queue | Villager (Male) |
| 4:24 | Build | House |
| 5:06 | Queue | Villager (Male) |
| 5:06 | Queue | Villager (Male) |
| 5:07 | Queue | Villager (Male) |
| 5:57 | Queue | Villager (Male) |
| 5:57 | Queue | Villager (Male) |
| 5:58 | Queue | Villager (Male) |
| 6:10 | Build | Mill |
| 7:18 | Queue | Villager (Male) |
| 7:18 | Queue | Villager (Male) |
| 7:18 | Queue | Villager (Male) |
| 7:52 | Build | Lumber Camp |
| 7:59 | Build | Farm |
| 8:00 | Build | Farm |
| 8:04 | Build | Farm |
| 8:05 | Build | Farm |
| 8:07 | Build | Farm |
| 8:12 | Build | Farm |
| 8:25 | Research | Loom |
| 8:25 | Research | Feudal Age |
| 8:28 | Queue | Villager (Male) |
| 8:29 | Queue | Villager (Male) |
| 9:18 | Build | House |
| 10:34 | Build | Farm |
| 10:57 | Age | Feudal Age |
| 11:00 | Build | Market |
| 11:06 | Build | Blacksmith |
| 11:24 | Build | Mining Camp |
| 11:53 | Research | Castle Age |
| 12:19 | Build | House |
| 12:22 | Build | House |
| 12:40 | Research | Double-Bit Axe |
| 12:50 | Research | Horse Collar |
| 13:23 | Queue | Villager (Male) |
| 13:23 | Queue | Villager (Male) |
| 14:18 | Age | Castle Age |
| 14:25 | Build | Town Center |
| 14:31 | Queue | Villager (Male) |
| 14:37 | Build | Barracks |
| 14:39 | Queue | Villager (Male) |
| 15:02 | Queue | Villager (Male) |
| 15:04 | Build | Farm |
| 15:29 | Build | Farm |
| 15:32 | Queue | Villager (Male) |
| 15:44 | Build | Stable |
| 15:53 | Build | Farm |
| 15:54 | Queue | Villager (Male) |
| 15:54 | Queue | Villager (Male) |
| 15:55 | Queue | Villager (Male) |
| 15:56 | Queue | Villager (Male) |
| 15:56 | Queue | Villager (Male) |
| 16:11 | Build | Farm |
| 16:22 | Build | Stable |
| 16:31 | Queue | Knight |
| 16:31 | Queue | Knight |
| 16:38 | Build | Farm |
| 16:43 | Build | Farm |
| 16:52 | Queue | Knight |
| 16:52 | Queue | Knight ×2 |
| 16:53 | Queue | Knight |
| 16:53 | Queue | Knight |
| 17:03 | Queue | Knight |
| 17:03 | Queue | Knight |
| 17:03 | Queue | Knight |
| 17:15 | Queue | Villager (Male) |
| 17:15 | Queue | Villager (Male) |
| 17:20 | Build | Farm |
| 17:28 | Queue | Villager (Male) |
| 17:28 | Queue | Villager (Male) |
| 17:37 | Build | Farm |
| 17:42 | Build | Farm |
| 17:44 | Queue | Villager (Male) |
| 18:00 | Build | Farm |
| 18:01 | Build | Farm |
| 18:02 | Build | Farm |
| 18:05 | Build | Farm |
| 18:05 | Queue | Villager (Male) |
| 18:06 | Queue | Villager (Male) |
| 18:06 | Queue | Villager (Male) |
| 18:06 | Queue | Villager (Male) |
| 18:12 | Build | House |
| 18:16 | Build | House |
| 18:17 | Build | House |
| 18:21 | Build | House |
| 18:24 | Build | Farm |
| 18:34 | Queue | Villager (Male) |
| 18:34 | Queue | Villager (Male) |
| 18:34 | Queue | Villager (Male) |
| 18:34 | Queue | Villager (Male) |
| 19:17 | Research | Bloodlines |
| 19:35 | Queue | Knight ×2 |
| 19:41 | Build | Farm |
| 19:45 | Build | Farm |
| 19:50 | Build | Farm |
| 19:52 | Build | Farm |
| 19:53 | Queue | Villager (Male) |
| 19:53 | Queue | Villager (Male) |
| 19:53 | Queue | Villager (Male) |
| 19:54 | Queue | Villager (Male) |
| 20:07 | Queue | Villager (Male) |
| 20:07 | Queue | Villager (Male) |
| 20:08 | Queue | Villager (Male) |
| 20:18 | Queue | Knight |
| 20:19 | Queue | Knight |
| 20:23 | Build | Farm |
| 20:47 | Queue | Villager (Male) |
| 20:47 | Queue | Villager (Male) |
| 20:47 | Queue | Villager (Male) |
| 20:48 | Queue | Villager (Male) |
| 21:06 | Queue | Villager (Male) |
| 21:07 | Queue | Villager (Male) |
| 21:07 | Queue | Villager (Male) |
| 21:17 | Build | Town Center |
| 21:29 | Build | Mining Camp |
| 21:32 | Queue | Knight ×2 |
| 21:32 | Queue | Knight ×2 |
| 21:36 | Build | Farm |
| 21:36 | Queue | Villager (Male) |
| 21:37 | Queue | Villager (Male) |
| 21:37 | Queue | Villager (Male) |
| 21:37 | Queue | Villager (Male) |
| 21:59 | Build | Farm |
| 22:01 | Build | Farm |
| 22:13 | Queue | Villager (Male) ×4 |
Build order — CTM | Franco*
First 150 of 331 actions detected
| 0:02 | Queue | Villager (Male) |
| 0:03 | Queue | Villager (Male) |
| 0:03 | Queue | Villager (Male) |
| 0:03 | Queue | Villager (Male) |
| 0:06 | Build | House |
| 0:08 | Build | House |
| 1:40 | Queue | Villager (Male) |
| 1:41 | Queue | Villager (Male) |
| 1:53 | Queue | Villager (Male) |
| 2:14 | Build | Lumber Camp |
| 2:22 | Queue | Villager (Male) |
| 2:22 | Queue | Villager (Male) |
| 2:44 | Queue | Villager (Male) |
| 2:45 | Queue | Villager (Male) |
| 3:07 | Queue | Villager (Male) |
| 3:07 | Queue | Villager (Male) |
| 3:47 | Queue | Villager (Male) |
| 3:52 | Queue | Villager (Male) |
| 4:36 | Queue | Villager (Male) |
| 4:37 | Queue | Villager (Male) |
| 4:44 | Build | House |
| 4:45 | Build | House |
| 4:47 | Research | Loom |
| 4:49 | Queue | Villager (Male) |
| 4:49 | Queue | Villager (Male) |
| 5:29 | Queue | Villager (Male) |
| 5:35 | Queue | Villager (Male) |
| 6:40 | Queue | Villager (Male) |
| 7:01 | Queue | Villager (Male) |
| 7:42 | Queue | Villager (Male) |
| 7:53 | Build | Mining Camp |
| 8:08 | Research | Feudal Age |
| 9:25 | Build | Farm |
| 10:02 | Build | Farm |
| 10:03 | Build | Farm |
| 10:05 | Build | Farm |
| 10:05 | Build | Farm |
| 10:18 | Age | Feudal Age |
| 11:15 | Build | Farm |
| 11:22 | Research | Castle Age |
| 12:09 | Build | Stable |
| 12:14 | Research | Double-Bit Axe |
| 12:21 | Build | House |
| 12:22 | Build | House |
| 12:59 | Build | Farm |
| 13:08 | Build | Mill |
| 13:32 | Research | Bloodlines |
| 14:02 | Age | Castle Age |
| 14:05 | Queue | Knight |
| 14:15 | Queue | Knight |
| 14:16 | Queue | Villager (Male) |
| 14:39 | Build | Siege Workshop |
| 14:39 | Queue | Villager (Male) |
| 14:57 | Queue | Villager (Male) |
| 15:19 | Build | Farm |
| 15:27 | Queue | Knight |
| 15:34 | Build | House |
| 15:35 | Build | House |
| 15:54 | Queue | Villager (Male) |
| 16:08 | Queue | Villager (Male) |
| 16:24 | Queue | Knight |
| 16:32 | Build | House |
| 16:37 | Queue | Villager (Male) |
| 16:56 | Build | Outpost |
| 17:02 | Queue | Villager (Male) |
| 17:12 | Queue | Villager (Male) |
| 18:04 | Queue | Battering Ram |
| 18:23 | Queue | Villager (Male) |
| 18:25 | Queue | Villager (Male) |
| 18:27 | Queue | Villager (Male) |
| 18:52 | Build | Outpost |
| 18:57 | Queue | Villager (Male) |
| 19:37 | Build | Outpost |
| 19:38 | Queue | Villager (Male) |
| 19:42 | Queue | Knight |
| 19:42 | Queue | Knight |
| 19:45 | Queue | Villager (Male) |
| 20:08 | Queue | Scorpion |
| 20:08 | Queue | Scorpion |
| 20:12 | Queue | Villager (Male) |
| 20:36 | Queue | Scorpion |
| 20:40 | Queue | Villager (Male) |
| 20:56 | Build | Watch Tower |
| 21:06 | Queue | Scorpion |
| 21:26 | Build | Outpost |
| 21:26 | Queue | Villager (Male) |
| 21:50 | Queue | Villager (Male) |
| 22:07 | Queue | Villager (Male) |
| 22:15 | Build | Town Center |
| 22:22 | Build | Farm |
| 22:24 | Build | Farm |
| 23:02 | Queue | Villager (Male) |
| 23:03 | Queue | Villager (Male) |
| 23:31 | Queue | Villager (Male) |
| 23:40 | Build | Outpost |
| 23:44 | Queue | Villager (Male) |
| 23:44 | Queue | Villager (Male) |
| 23:51 | Build | Mining Camp |
| 24:04 | Queue | Villager (Male) |
| 24:12 | Build | Outpost |
| 24:26 | Build | House |
| 24:27 | Build | House |
| 24:36 | Build | Farm |
| 24:45 | Build | House |
| 24:50 | Build | House |
| 25:27 | Build | Gate |
| 25:40 | Queue | Villager (Male) |
| 25:44 | Build | House |
| 25:45 | Build | House |
| 25:55 | Build | Outpost |
| 25:56 | Queue | Villager (Male) |
| 26:14 | Queue | Villager (Male) |
| 26:19 | Build | Farm |
| 26:20 | Build | Farm |
| 26:21 | Build | Farm |
| 26:23 | Build | Farm |
| 26:27 | Build | Farm |
| 26:28 | Build | Farm |
| 26:29 | Build | Farm |
| 26:32 | Build | Farm |
| 26:50 | Build | Stone Wall |
| 27:00 | Build | Gate |
| 27:15 | Build | Gate |
| 27:16 | Queue | Villager (Male) |
| 28:12 | Build | Blacksmith |
| 28:29 | Queue | Villager (Male) |
| 28:38 | Queue | Villager (Male) |
| 28:38 | Queue | Villager (Male) |
| 28:46 | Build | Town Center |
| 28:53 | Build | House |
| 28:55 | Build | House |
| 28:56 | Build | House |
| 28:57 | Build | House |
| 29:25 | Queue | Villager (Male) |
| 30:15 | Research | Fletching |
| 30:27 | Queue | Villager (Male) |
| 30:36 | Build | House |
| 30:37 | Build | House |
| 30:42 | Queue | Villager (Male) |
| 30:55 | Queue | Villager (Male) |
| 31:03 | Build | Farm |
| 31:11 | Queue | Villager (Male) |
| 31:31 | Build | Castle |
| 31:37 | Queue | Villager (Male) |
| 31:38 | Queue | Villager (Male) |
| 31:44 | Build | Monastery |
| 31:55 | Queue | Villager (Male) |
| 32:02 | Build | Lumber Camp |
| 32:11 | Queue | Scout Cavalry |
| 32:18 | Build | House |
Build order — joptus
First 150 of 502 actions detected
| 0:01 | Queue | Villager (Male) |
| 0:02 | Queue | Villager (Male) |
| 0:03 | Build | House |
| 0:04 | Build | House |
| 0:12 | Queue | Villager (Male) |
| 0:43 | Queue | Villager (Male) |
| 0:43 | Queue | Villager (Male) |
| 1:34 | Queue | Villager (Male) |
| 1:59 | Build | Lumber Camp |
| 2:04 | Queue | Villager (Male) |
| 2:29 | Queue | Villager (Male) |
| 2:29 | Queue | Villager (Male) |
| 2:43 | Queue | Villager (Male) |
| 3:22 | Queue | Villager (Male) |
| 3:23 | Queue | Villager (Male) |
| 3:25 | Build | House |
| 4:19 | Queue | Villager (Male) |
| 4:19 | Queue | Villager (Male) |
| 4:20 | Queue | Villager (Male) |
| 5:09 | Queue | Villager (Male) |
| 5:22 | Build | House |
| 5:31 | Queue | Villager (Male) |
| 5:51 | Build | House |
| 6:00 | Queue | Villager (Male) |
| 6:07 | Research | Loom |
| 6:17 | Build | Barracks |
| 6:52 | Queue | Villager (Male) |
| 7:11 | Build | House |
| 7:19 | Research | Feudal Age |
| 8:01 | Queue | Villager (Male) |
| 8:22 | Build | Mill |
| 9:00 | Build | Farm |
| 9:00 | Build | Farm |
| 9:01 | Build | Farm |
| 9:29 | Age | Feudal Age |
| 9:40 | Queue | Militia |
| 9:40 | Queue | Militia |
| 9:40 | Queue | Militia |
| 9:45 | Build | Mining Camp |
| 9:56 | Queue | Villager (Male) |
| 9:59 | Build | Blacksmith |
| 10:12 | Queue | Villager (Male) |
| 10:31 | Build | Farm |
| 10:38 | Build | House |
| 10:42 | Queue | Militia |
| 10:42 | Research | Man-at-Arms (upgrade) |
| 10:53 | Build | Farm |
| 10:55 | Queue | Villager (Male) |
| 11:15 | Queue | Villager (Male) |
| 11:24 | Build | Stable |
| 11:40 | Queue | Villager (Male) |
| 11:46 | Queue | Villager (Male) |
| 11:49 | Build | Farm |
| 12:00 | Build | Farm |
| 12:28 | Build | Lumber Camp |
| 12:35 | Queue | Villager (Male) |
| 12:52 | Research | Scale Mail Armor |
| 12:53 | Queue | Villager (Male) |
| 13:12 | Build | Farm |
| 13:20 | Queue | Villager (Male) |
| 13:37 | Build | Farm |
| 13:38 | Build | Farm |
| 13:38 | Build | Farm |
| 13:38 | Build | Farm |
| 13:45 | Queue | Villager (Male) |
| 14:00 | Queue | Villager (Male) |
| 14:03 | Build | Farm |
| 14:19 | Build | Farm |
| 14:42 | Build | Market |
| 14:44 | Queue | Villager (Male) |
| 14:50 | Build | Farm |
| 15:10 | Queue | Villager (Male) |
| 15:12 | Build | House |
| 15:16 | Build | Farm |
| 15:25 | Queue | Spearman |
| 15:33 | Build | House |
| 15:41 | Queue | Villager (Male) |
| 15:42 | Build | Farm |
| 16:01 | Build | Farm |
| 16:09 | Queue | Villager (Male) |
| 16:11 | Build | Farm |
| 16:28 | Queue | Villager (Male) |
| 16:42 | Build | Farm |
| 17:00 | Queue | Villager (Male) |
| 17:02 | Build | Farm |
| 17:30 | Queue | Villager (Male) |
| 17:39 | Build | Farm |
| 17:50 | Research | Castle Age |
| 18:02 | Build | House |
| 18:58 | Build | House |
| 19:00 | Build | Stable |
| 19:08 | Research | Double-Bit Axe |
| 19:35 | Build | Farm |
| 19:38 | Research | Horse Collar |
| 19:40 | Queue | Villager (Male) |
| 20:00 | Research | Gold Mining |
| 20:34 | Queue | Villager (Male) |
| 20:35 | Age | Castle Age |
| 20:37 | Queue | Camel Scout |
| 20:38 | Queue | Camel Scout |
| 20:38 | Queue | Camel Scout |
| 20:38 | Queue | Camel Scout |
| 20:39 | Queue | Villager (Male) |
| 20:55 | Queue | Villager (Male) |
| 20:58 | Build | Farm |
| 21:01 | Research | Heavy Plow |
| 21:02 | Queue | Villager (Male) |
| 21:14 | Queue | Camel Scout |
| 21:15 | Queue | Camel Scout |
| 21:44 | Queue | Villager (Male) |
| 21:44 | Queue | Villager (Male) |
| 21:48 | Queue | Camel Scout |
| 21:48 | Queue | Camel Scout |
| 22:09 | Queue | Camel Scout |
| 22:47 | Queue | Villager (Male) |
| 22:50 | Build | Town Center |
| 22:58 | Build | Farm |
| 23:04 | Research | Bloodlines |
| 23:15 | Research | Scale Barding Armor |
| 23:22 | Queue | Villager (Male) |
| 23:22 | Queue | Villager (Male) |
| 23:25 | Build | Farm |
| 23:49 | Research | Forging |
| 24:03 | Build | Farm |
| 24:19 | Queue | Villager (Male) |
| 24:31 | Queue | Camel Scout |
| 24:31 | Queue | Camel Scout |
| 24:31 | Queue | Camel Scout |
| 24:31 | Queue | Camel Scout |
| 25:09 | Queue | Camel Scout |
| 25:09 | Queue | Camel Scout |
| 25:15 | Queue | Villager (Male) |
| 25:45 | Queue | Villager (Male) |
| 25:45 | Queue | Villager (Male) |
| 26:13 | Build | Farm |
| 26:14 | Build | Farm |
| 26:14 | Build | Farm |
| 26:14 | Build | Farm |
| 26:14 | Build | Farm |
| 26:14 | Build | Farm |
| 26:15 | Build | Farm |
| 26:24 | Build | Palisade Gate |
| 26:24 | Queue | Villager (Male) |
| 26:25 | Queue | Villager (Male) |
| 26:27 | Build | Farm |
| 26:39 | Queue | Villager (Male) |
| 26:58 | Queue | Villager (Male) |
| 27:07 | Queue | Villager (Male) |
| 27:24 | Build | Lumber Camp |
| 27:33 | Queue | Villager (Male) |
Build order — PSX | King
First 150 of 717 actions detected
| 0:01 | Queue | Villager (Male) |
| 0:02 | Queue | Villager (Male) |
| 0:02 | Queue | Villager (Male) |
| 0:03 | Build | House |
| 0:05 | Build | House |
| 0:08 | Build | House |
| 0:11 | Queue | Villager (Male) |
| 1:40 | Queue | Villager (Male) |
| 1:40 | Queue | Villager (Male) |
| 1:47 | Build | Lumber Camp |
| 1:58 | Queue | Villager (Male) |
| 1:58 | Queue | Villager (Male) |
| 2:29 | Queue | Villager (Male) |
| 2:29 | Queue | Villager (Male) |
| 2:51 | Queue | Villager (Male) |
| 2:51 | Queue | Villager (Male) |
| 2:52 | Queue | Villager (Male) |
| 3:07 | Build | House |
| 3:08 | Build | House |
| 3:15 | Queue | Villager (Male) |
| 3:16 | Queue | Villager (Male) |
| 4:03 | Queue | Villager (Male) |
| 4:03 | Queue | Villager (Male) |
| 4:24 | Queue | Villager (Male) |
| 4:47 | Build | Mill |
| 5:19 | Build | Barracks |
| 5:26 | Queue | Villager (Male) |
| 5:52 | Queue | Villager (Male) |
| 6:24 | Queue | Villager (Male) |
| 6:37 | Queue | Villager (Male) |
| 6:43 | Research | Loom |
| 7:13 | Research | Feudal Age |
| 7:15 | Queue | Militia |
| 7:15 | Queue | Militia |
| 7:20 | Build | House |
| 7:28 | Build | Mining Camp |
| 7:43 | Queue | Militia |
| 7:46 | Build | House |
| 7:50 | Queue | Villager (Male) |
| 7:53 | Queue | Militia |
| 8:17 | Build | Lumber Camp |
| 9:09 | Queue | Militia |
| 9:19 | Queue | Villager (Male) |
| 9:24 | Age | Feudal Age |
| 9:26 | Research | Man-at-Arms (upgrade) |
| 9:27 | Research | Man-at-Arms (upgrade) |
| 9:28 | Research | Double-Bit Axe |
| 9:28 | Research | Double-Bit Axe |
| 9:33 | Build | Blacksmith |
| 9:55 | Build | House |
| 10:05 | Queue | Villager (Male) |
| 10:12 | Build | Farm |
| 10:13 | Build | Farm |
| 10:20 | Research | Scale Mail Armor |
| 10:32 | Build | Farm |
| 10:48 | Build | Farm |
| 10:49 | Queue | Villager (Male) |
| 11:06 | Queue | Militia |
| 11:06 | Queue | Militia |
| 11:22 | Build | Farm |
| 11:24 | Build | Farm |
| 11:25 | Build | Farm |
| 11:32 | Queue | Villager (Male) |
| 11:54 | Queue | Militia |
| 11:59 | Build | Farm |
| 12:00 | Build | Farm |
| 12:03 | Queue | Villager (Male) |
| 12:04 | Queue | Villager (Male) |
| 12:29 | Research | Arson |
| 12:29 | Research | Arson |
| 12:36 | Queue | Villager (Male) |
| 12:40 | Build | Farm |
| 12:40 | Build | Farm |
| 12:42 | Build | Farm |
| 12:57 | Queue | Villager (Male) |
| 12:57 | Queue | Villager (Male) |
| 13:02 | Build | Farm |
| 13:33 | Queue | Villager (Male) |
| 13:34 | Queue | Villager (Male) |
| 13:34 | Queue | Villager (Male) |
| 13:38 | Build | Farm |
| 13:42 | Build | House |
| 13:58 | Queue | Villager (Male) |
| 14:01 | Build | Farm |
| 14:08 | Queue | Villager (Male) |
| 14:10 | Queue | Villager (Male) |
| 14:10 | Queue | Villager (Male) |
| 14:13 | Research | Fletching |
| 14:34 | Queue | Villager (Male) |
| 14:40 | Queue | Villager (Male) |
| 15:05 | Queue | Villager (Male) |
| 15:18 | Queue | Militia |
| 15:18 | Queue | Militia |
| 15:18 | Queue | Villager (Male) |
| 15:25 | Build | House |
| 15:25 | Build | House |
| 15:49 | Research | Town Watch |
| 16:13 | Queue | Villager (Male) |
| 16:15 | Queue | Militia |
| 16:25 | Queue | Villager (Male) |
| 16:28 | Build | House |
| 16:29 | Build | House |
| 16:34 | Queue | Militia |
| 16:34 | Queue | Spearman |
| 17:13 | Queue | Villager (Male) |
| 17:15 | Queue | Militia |
| 17:19 | Queue | Villager (Male) |
| 17:23 | Build | Farm |
| 17:23 | Build | Farm |
| 17:23 | Build | Farm |
| 17:24 | Build | Farm |
| 17:24 | Build | Farm |
| 17:24 | Build | Farm |
| 17:29 | Queue | Militia |
| 17:53 | Queue | Militia |
| 17:53 | Queue | Spearman |
| 18:18 | Queue | Villager (Male) |
| 18:39 | Queue | Villager (Male) |
| 18:44 | Build | Market |
| 19:22 | Queue | Villager (Male) |
| 19:24 | Queue | Villager (Male) |
| 19:44 | Research | Castle Age |
| 19:45 | Research | Castle Age |
| 20:11 | Build | Mining Camp |
| 20:15 | Research | Horse Collar |
| 22:15 | Queue | Villager (Male) |
| 22:27 | Age | Castle Age |
| 22:30 | Build | Town Center |
| 22:31 | Research | Bow Saw |
| 22:42 | Queue | Villager (Male) |
| 23:07 | Queue | Villager (Male) |
| 23:30 | Queue | Villager (Male) |
| 23:33 | Queue | Villager (Male) |
| 23:53 | Queue | Villager (Male) |
| 23:53 | Queue | Villager (Male) |
| 23:55 | Build | Farm |
| 23:56 | Build | Farm |
| 24:08 | Build | Lumber Camp |
| 24:11 | Queue | Villager (Male) |
| 24:26 | Build | Castle |
| 24:29 | Build | Lumber Camp |
| 24:30 | Queue | Villager (Male) |
| 24:38 | Build | Farm |
| 24:42 | Queue | Villager (Male) |
| 24:42 | Queue | Villager (Male) |
| 25:00 | Build | Farm |
| 25:02 | Queue | Villager (Male) |
| 25:02 | Queue | Villager (Male) |
| 25:06 | Build | Farm |
| 25:26 | Queue | Villager (Male) |
Build order — Senex
First 150 of 413 actions detected
| 0:02 | Queue | Villager (Male) |
| 0:02 | Queue | Villager (Male) |
| 0:02 | Queue | Villager (Male) |
| 0:04 | Build | House |
| 0:06 | Build | House |
| 0:46 | Queue | Villager (Male) |
| 0:47 | Queue | Villager (Male) |
| 1:48 | Queue | Villager (Male) |
| 2:18 | Build | Lumber Camp |
| 2:19 | Queue | Villager (Male) |
| 2:19 | Queue | Villager (Male) |
| 2:53 | Queue | Villager (Male) |
| 3:57 | Queue | Villager (Male) |
| 4:18 | Queue | Villager (Male) |
| 4:18 | Queue | Villager (Male) |
| 4:55 | Queue | Villager (Male) |
| 4:55 | Queue | Villager (Male) |
| 5:17 | Build | House |
| 6:11 | Queue | Villager (Male) |
| 6:13 | Queue | Villager (Male) |
| 7:03 | Queue | Villager (Male) |
| 7:06 | Build | House |
| 7:35 | Research | Loom |
| 7:50 | Build | Mining Camp |
| 8:00 | Build | Mining Camp |
| 8:06 | Queue | Villager (Male) |
| 8:19 | Build | Mill |
| 8:32 | Research | Feudal Age |
| 9:22 | Build | Lumber Camp |
| 9:31 | Build | Farm |
| 10:16 | Build | Farm |
| 10:17 | Build | Farm |
| 10:18 | Build | Farm |
| 10:42 | Age | Feudal Age |
| 10:51 | Queue | Villager (Male) |
| 11:07 | Build | House |
| 11:08 | Build | House |
| 11:18 | Build | Farm |
| 11:20 | Build | Farm |
| 11:35 | Queue | Villager (Male) |
| 11:36 | Queue | Villager (Male) |
| 11:44 | Build | House |
| 11:46 | Build | House |
| 11:53 | Build | Barracks |
| 12:08 | Queue | Villager (Male) |
| 12:31 | Queue | Villager (Male) |
| 12:31 | Queue | Villager (Male) |
| 12:49 | Queue | Villager (Male) |
| 12:49 | Queue | Villager (Male) |
| 12:59 | Build | Watch Tower |
| 13:04 | Queue | Villager (Male) |
| 13:04 | Queue | Villager (Male) |
| 13:18 | Queue | Villager (Male) |
| 13:20 | Build | House |
| 13:26 | Queue | Villager (Male) |
| 14:12 | Build | Farm |
| 14:34 | Build | Market |
| 15:05 | Build | Blacksmith |
| 15:48 | Research | Castle Age |
| 16:07 | Build | Farm |
| 16:11 | Build | Farm |
| 16:23 | Build | Mining Camp |
| 16:47 | Build | Stable |
| 16:57 | Build | House |
| 17:04 | Build | Palisade Wall |
| 17:14 | Research | Forging |
| 17:34 | Research | Bloodlines |
| 17:41 | Queue | Spearman |
| 17:42 | Queue | Spearman |
| 17:50 | Queue | Villager (Male) |
| 18:07 | Build | Farm |
| 18:28 | Age | Castle Age |
| 18:39 | Queue | Unit 1944 |
| 18:39 | Queue | Unit 1944 |
| 18:43 | Queue | Spearman |
| 18:59 | Queue | Villager (Male) |
| 18:59 | Queue | Villager (Male) |
| 19:14 | Build | Town Center |
| 19:20 | Queue | Unit 1944 |
| 19:40 | Build | Stable |
| 19:50 | Queue | Unit 1944 |
| 19:59 | Queue | Unit 1944 |
| 20:04 | Build | Farm |
| 20:38 | Build | Farm |
| 20:49 | Queue | Unit 1944 |
| 20:58 | Queue | Unit 1944 |
| 20:59 | Queue | Unit 1944 |
| 21:26 | Queue | Unit 1944 |
| 21:27 | Queue | Villager (Male) |
| 21:27 | Queue | Villager (Male) |
| 21:54 | Queue | Unit 1944 |
| 22:25 | Queue | Unit 1944 |
| 22:26 | Queue | Unit 1944 |
| 22:46 | Build | Town Center |
| 22:52 | Build | Farm |
| 23:05 | Queue | Villager (Male) |
| 23:06 | Queue | Villager (Male) |
| 23:33 | Build | Farm |
| 24:04 | Build | Farm |
| 24:04 | Build | Farm |
| 24:05 | Build | Farm |
| 24:09 | Build | Farm |
| 24:12 | Research | Double-Bit Axe |
| 24:17 | Research | Horse Collar |
| 24:19 | Queue | Villager (Male) |
| 24:34 | Queue | Unit 1944 |
| 24:34 | Queue | Unit 1944 |
| 24:48 | Queue | Unit 1944 |
| 24:50 | Queue | Villager (Male) |
| 24:50 | Queue | Villager (Male) |
| 25:03 | Queue | Villager (Male) |
| 25:04 | Queue | Villager (Male) |
| 25:07 | Build | Farm |
| 25:08 | Build | Farm |
| 25:37 | Queue | Unit 1944 |
| 25:38 | Queue | Unit 1944 |
| 25:54 | Build | Farm |
| 25:54 | Build | Farm |
| 25:56 | Queue | Villager (Male) |
| 25:56 | Queue | Villager (Male) |
| 25:57 | Queue | Villager (Male) |
| 25:57 | Queue | Villager (Male) |
| 25:57 | Queue | Villager (Male) |
| 26:32 | Queue | Villager (Male) |
| 26:32 | Queue | Villager (Male) |
| 26:33 | Queue | Villager (Male) |
| 26:41 | Queue | Villager (Male) |
| 26:45 | Queue | Unit 1944 |
| 27:14 | Build | Lumber Camp |
| 27:51 | Queue | Unit 1944 ×5 |
| 28:18 | Research | Iron Casting |
| 28:20 | Queue | Villager (Male) |
| 28:20 | Queue | Villager (Male) |
| 28:25 | Build | Farm |
| 28:26 | Build | Farm |
| 28:37 | Queue | Villager (Male) |
| 28:38 | Queue | Villager (Male) |
| 28:38 | Queue | Villager (Male) |
| 29:03 | Build | House |
| 29:05 | Build | House |
| 29:07 | Build | House |
| 29:08 | Build | House |
| 29:22 | Queue | Villager (Male) |
| 29:23 | Queue | Villager (Male) |
| 29:23 | Queue | Villager (Male) |
| 29:23 | Queue | Villager (Male) |
| 29:24 | Queue | Villager (Male) |
| 29:24 | Queue | Villager (Male) |
| 29:24 | Queue | Villager (Male) |
| 30:07 | Build | Siege Workshop |
Build order — Pahkluude purustaja
First 150 of 436 actions detected
| 0:01 | Queue | Villager (Male) |
| 0:03 | Build | House |
| 0:04 | Build | House |
| 0:04 | Queue | Villager (Male) |
| 0:05 | Queue | Villager (Male) |
| 0:05 | Queue | Villager (Male) |
| 0:05 | Queue | Villager (Male) |
| 1:29 | Queue | Villager (Male) |
| 1:52 | Queue | Villager (Male) |
| 1:52 | Queue | Villager (Male) |
| 2:12 | Queue | Villager (Male) |
| 2:12 | Queue | Villager (Male) |
| 2:34 | Queue | Villager (Male) |
| 2:35 | Queue | Villager (Male) |
| 2:40 | Build | Lumber Camp |
| 3:04 | Queue | Villager (Male) |
| 3:05 | Queue | Villager (Male) |
| 3:20 | Queue | Villager (Male) |
| 3:20 | Queue | Villager (Male) |
| 3:29 | Build | House |
| 3:57 | Queue | Villager (Male) |
| 3:57 | Queue | Villager (Male) |
| 3:57 | Queue | Villager (Male) |
| 4:08 | Queue | Villager (Male) |
| 4:08 | Queue | Villager (Male) |
| 4:21 | Queue | Villager (Male) |
| 4:21 | Queue | Villager (Male) |
| 4:35 | Queue | Villager (Male) |
| 4:35 | Queue | Villager (Male) |
| 4:51 | Queue | Villager (Male) |
| 4:52 | Queue | Villager (Male) |
| 5:13 | Queue | Villager (Male) |
| 5:13 | Queue | Villager (Male) |
| 5:36 | Queue | Villager (Male) |
| 5:36 | Queue | Villager (Male) |
| 5:36 | Queue | Villager (Male) |
| 5:37 | Queue | Villager (Male) |
| 5:44 | Build | House |
| 6:24 | Queue | Villager (Male) |
| 6:25 | Queue | Villager (Male) |
| 6:25 | Queue | Villager (Male) |
| 6:34 | Queue | Villager (Male) |
| 7:05 | Queue | Villager (Male) |
| 7:12 | Queue | Villager (Male) |
| 7:30 | Build | Mining Camp |
| 7:34 | Queue | Villager (Male) |
| 7:54 | Research | Feudal Age |
| 8:57 | Build | House |
| 9:06 | Build | Barracks |
| 9:51 | Queue | Villager (Male) |
| 9:54 | Build | House |
| 10:12 | Age | Feudal Age |
| 10:29 | Build | Stable |
| 10:37 | Research | Double-Bit Axe |
| 10:40 | Queue | Villager (Male) |
| 10:53 | Build | Mill |
| 10:59 | Queue | Villager (Male) |
| 11:13 | Queue | Scout Cavalry |
| 11:14 | Queue | Scout Cavalry |
| 11:16 | Queue | Scout Cavalry |
| 11:32 | Research | Horse Collar |
| 11:37 | Build | Farm |
| 11:39 | Build | Farm |
| 11:41 | Build | Farm |
| 11:52 | Build | Farm |
| 11:54 | Queue | Villager (Male) |
| 12:00 | Queue | Villager (Male) |
| 12:04 | Queue | Villager (Male) |
| 12:29 | Queue | Scout Cavalry |
| 12:34 | Build | House |
| 12:39 | Build | Farm |
| 12:40 | Build | Farm |
| 12:42 | Build | Farm |
| 13:04 | Queue | Villager (Male) |
| 13:07 | Build | House |
| 13:45 | Queue | Villager (Male) |
| 14:04 | Build | Farm |
| 14:09 | Build | Farm |
| 14:14 | Build | Farm |
| 14:31 | Queue | Villager (Male) |
| 14:34 | Build | Farm |
| 14:37 | Build | Farm |
| 15:05 | Queue | Villager (Male) |
| 15:06 | Queue | Villager (Male) |
| 15:17 | Queue | Villager (Male) |
| 15:34 | Build | House |
| 16:14 | Queue | Villager (Male) |
| 16:14 | Queue | Villager (Male) |
| 16:22 | Build | House |
| 16:49 | Queue | Scout Cavalry |
| 16:50 | Queue | Scout Cavalry |
| 16:56 | Build | House |
| 18:45 | Build | House |
| 18:47 | Build | House |
| 18:49 | Queue | Villager (Male) |
| 18:50 | Queue | Villager (Male) |
| 18:50 | Queue | Villager (Male) |
| 19:29 | Queue | Villager (Male) |
| 19:30 | Queue | Villager (Male) |
| 19:30 | Queue | Villager (Male) |
| 20:54 | Build | House |
| 20:56 | Queue | Villager (Male) |
| 20:56 | Queue | Villager (Male) |
| 20:56 | Queue | Villager (Male) |
| 20:57 | Queue | Villager (Male) |
| 20:57 | Queue | Villager (Male) |
| 21:05 | Build | Lumber Camp |
| 21:14 | Build | Farm |
| 21:26 | Build | Farm |
| 21:28 | Build | Farm |
| 21:29 | Queue | Villager (Male) |
| 21:44 | Build | Farm |
| 23:16 | Queue | Villager (Male) |
| 23:16 | Queue | Villager (Male) |
| 23:16 | Queue | Villager (Male) |
| 23:16 | Queue | Villager (Male) |
| 23:17 | Queue | Villager (Male) |
| 23:23 | Queue | Villager (Male) |
| 23:24 | Queue | Villager (Male) |
| 23:24 | Queue | Villager (Male) |
| 23:24 | Queue | Villager (Male) |
| 23:35 | Build | House |
| 23:41 | Queue | Villager (Male) |
| 23:41 | Queue | Villager (Male) |
| 23:42 | Queue | Villager (Male) |
| 24:02 | Queue | Villager (Male) |
| 24:02 | Queue | Villager (Male) |
| 24:10 | Build | House |
| 24:25 | Build | Farm |
| 24:27 | Build | Farm |
| 24:44 | Build | Farm |
| 24:54 | Build | Farm |
| 25:00 | Build | Farm |
| 25:05 | Queue | Villager (Male) |
| 25:20 | Build | Market |
| 25:23 | Queue | Villager (Male) |
| 26:10 | Queue | Villager (Male) |
| 26:27 | Build | Farm |
| 26:38 | Research | Castle Age |
| 26:50 | Build | Farm |
| 26:54 | Queue | Villager (Male) |
| 26:54 | Queue | Villager (Male) |
| 27:20 | Build | Stable |
| 27:38 | Build | Lumber Camp |
| 27:46 | Research | Bow Saw |
| 29:25 | Age | Castle Age |
| 29:37 | Queue | Knight |
| 29:37 | Queue | Knight |
| 29:38 | Queue | Knight |
| 29:44 | Build | Stable |
Match timeline
| 5:19 | PSX | King · first_building Barracks |
| 6:17 | joptus · first_building Barracks |
| 9:06 | Pahkluude purustaja · first_building Barracks |
| 9:24 | PSX | King · age_up feudal |
| 9:29 | joptus · age_up feudal |
| 10:12 | Pahkluude purustaja · age_up feudal |
| 10:18 | CTM | Franco* · age_up feudal |
| 10:29 | Pahkluude purustaja · first_building Stable |
| 10:42 | Senex · age_up feudal |
| 10:57 | Cristian Monzon · age_up feudal |
| 11:24 | joptus · first_building Stable |
| 11:50 | Cristian Monzon · first_market_sell 100 wood |
| 11:53 | Senex · first_building Barracks |
| 12:09 | CTM | Franco* · first_building Stable |
| 14:02 | CTM | Franco* · age_up castle |
| 14:18 | Cristian Monzon · age_up castle |
| 14:37 | Cristian Monzon · first_building Barracks |
| 14:39 | CTM | Franco* · first_building Siege Workshop |
| 15:44 | Cristian Monzon · first_building Stable |
| 16:47 | Senex · first_building Stable |
| 17:04 | Senex · wall_segment Palisade Wall x1 |
| 17:45 | joptus · first_market_sell 100 wood |
| 17:48 | joptus · first_market_buy 100 food |
| 18:28 | Senex · age_up castle |
| 20:35 | joptus · age_up castle |
| 22:27 | PSX | King · age_up castle |
| 22:50 | PSX | King · first_market_buy 100 wood |
| 24:14 | PSX | King · first_market_sell 100 food |
| 24:26 | PSX | King · first_building Castle |
| 26:50 | CTM | Franco* · wall_segment Stone Wall x6 |
| 29:25 | Pahkluude purustaja · age_up castle |
| 30:07 | Senex · first_building Siege Workshop |
| 30:29 | PSX | King · wall_segment Stone Wall x4 |
| 31:12 | joptus · first_building Siege Workshop |
| 31:31 | CTM | Franco* · first_building Castle |
| 31:44 | CTM | Franco* · first_building Monastery |
| 32:01 | Cristian Monzon · first_building Castle |
| 32:29 | CTM | Franco* · wall_segment Stone Wall x1 |
| 32:33 | CTM | Franco* · wall_segment Stone Wall x1 |
| 32:37 | CTM | Franco* · wall_segment Stone Wall x1 |
| 32:42 | CTM | Franco* · wall_segment Stone Wall x1 |
| 32:44 | CTM | Franco* · wall_segment Stone Wall x1 |
| 33:06 | Cristian Monzon · first_market_buy 100 wood |
| 33:06 | joptus · first_building Castle |
| 33:10 | Cristian Monzon · first_building Monastery |
| 35:55 | PSX | King · first_building Monastery |
| 36:45 | Cristian Monzon · age_up imperial |
| 37:08 | PSX | King · wall_segment Stone Wall x1 |
| 37:09 | PSX | King · wall_segment Stone Wall x1 |
| 37:26 | CTM | Franco* · first_building Barracks |
| 38:10 | PSX | King · age_up imperial |
| 38:11 | joptus · age_up imperial |
| 38:14 | joptus · first_building Monastery |
| 38:43 | PSX | King · wall_segment Stone Wall x2 |
| 38:58 | PSX | King · wall_segment Stone Wall x5 |
| 39:07 | PSX | King · wall_segment Stone Wall x4 |
| 39:41 | PSX | King · tribute_sent a jugador 1 |
| 39:41 | PSX | King · tribute_sent a jugador 2 |
| 39:41 | PSX | King · tribute_sent a jugador 4 |
| 39:41 | PSX | King · tribute_sent a jugador 5 |
| 39:41 | PSX | King · tribute_sent a jugador 6 |
| 40:06 | PSX | King · wall_segment Stone Wall x4 |
| 41:10 | PSX | King · wall_segment Stone Wall x11 |
| 42:35 | joptus · first_building Archery Range |
| 42:36 | PSX | King · first_building Siege Workshop |
| 42:54 | PSX | King · wall_segment Stone Wall x9 |
| 43:19 | Pahkluude purustaja · first_building Archery Range |
| 44:20 | Senex · first_building Monastery |
| 45:12 | Senex · first_building Castle |
| 46:53 | Pahkluude purustaja · first_building Castle |
| 49:32 | Cristian Monzon · tribute_sent a jugador 1 |
| 49:32 | Cristian Monzon · tribute_sent a jugador 2 |
| 49:32 | Cristian Monzon · tribute_sent a jugador 3 |
| 49:32 | Cristian Monzon · tribute_sent a jugador 4 |
| 49:32 | Cristian Monzon · tribute_sent a jugador 6 |
| 49:35 | PSX | King · tribute_sent a jugador 1 |
| 49:35 | PSX | King · tribute_sent a jugador 2 |
| 49:35 | PSX | King · tribute_sent a jugador 4 |
| 49:35 | PSX | King · tribute_sent a jugador 5 |
| 49:35 | PSX | King · tribute_sent a jugador 6 |
| 49:40 | Senex · age_up imperial |
| 52:58 | Pahkluude purustaja · age_up imperial |
| 53:27 | Cristian Monzon · tribute_sent a jugador 1 |
| 53:27 | Cristian Monzon · tribute_sent a jugador 2 |
| 53:27 | Cristian Monzon · tribute_sent a jugador 3 |
| 53:27 | Cristian Monzon · tribute_sent a jugador 4 |
| 53:27 | Cristian Monzon · tribute_sent a jugador 6 |
| 53:35 | Senex · first_market_sell 500 food |
| 55:14 | PSX | King · tribute_sent a jugador 1 |
| 55:14 | PSX | King · tribute_sent a jugador 2 |
| 55:14 | PSX | King · tribute_sent a jugador 4 |
| 55:14 | PSX | King · tribute_sent a jugador 5 |
| 55:14 | PSX | King · tribute_sent a jugador 6 |
| 55:25 | Cristian Monzon · tribute_sent a jugador 1 |
| 55:25 | Cristian Monzon · tribute_sent a jugador 2 |
| 55:25 | Cristian Monzon · tribute_sent a jugador 3 |
| 55:25 | Cristian Monzon · tribute_sent a jugador 4 |
| 55:25 | Cristian Monzon · tribute_sent a jugador 6 |
| 55:32 | Senex · tribute_sent a jugador 1 |
| 55:32 | Senex · tribute_sent a jugador 2 |
| 55:32 | Senex · tribute_sent a jugador 3 |
| 55:32 | Senex · tribute_sent a jugador 5 |
| 55:32 | Senex · tribute_sent a jugador 6 |
| 55:49 | PSX | King · first_building Archery Range |
| 56:56 | joptus · resign |
[ AI ANALYSIS · 1 CREDIT ]
What really happened in this match?
Wolo.gg analyzes every decision: build order, eco, micro, common mistakes by bracket. Personalized analysis on WhatsApp or Discord in 30 seconds.
Civ guide
Persians
Perfil
Jugador #4255093